 Dungeon Crawl Stone Soup version 0.31-a0-667-g39726597b9 (webtiles) character file.

Game seed: 11230001223330922490

6880 paps the Covert (level 11, -7/74 HPs)
             Began as an Octopode Shapeshifter on Sept 4, 2023.
             Was an Initiate of Gozag.
             Mangled by a +8 spectral giant spiked club (24 damage)
             ... created by Erolcha
             ... on level 9 of the Dungeon.
             The game lasted 00:17:27 (8511 turns).

paps the Covert (Octopode Shapeshifter)             Turns: 8511, Time: 00:17:28

Health: -7/74      AC:  5    Str: 16    XL:     11   Next: 6%
Magic:  11/11      EV: 18    Int: 12    God:    Gozag
Gold:   588        SH:  0    Dex: 20    Spells: 10/10 levels left

rFire   . .          .
                       - Unarmed
rCold   . . .        (shield currently unavailable)
rNeg    + . .        (helmet restricted)
rPois   .            a - amulet of regeneration
rElec   .            j - +4 ring of slaying
rCorr   .            v - ring of Xatziton {Drain rN+ Will++ SInv Stlth+}
SInv    +            w - +4 ring of protection
Will    ++...        q - +6 ring of dexterity
Stlth   +++          (no ring)
HPRegen 1.12/turn    (no ring)
MPRegen 0.12/turn    (no ring)
                     (no ring)

%: no passive effects
@: flux-form, glowing
A: glow, contaminating, almost no armour, amphibious, 8 rings, camouflage 1,
gelatinous body 1, (nimble swimmer 1), tentacles
a: Begin Untransformation, Renounce Religion, Potion Petition, Call Merchant,
Bribe Branch


You were on level 9 of the Dungeon.
You worshipped Gozag.
Gozag was pleased with you.
You were something dangerously unstable.
You visited 1 branch of the dungeon, and saw 11 of its levels.
You also visited: Ossuary.

You collected 2563 gold pieces.
You spent 1203 gold pieces at shops.
You paid 772 gold pieces to Gozag.

Inventory:

Missiles
 t - 3 throwing nets
Jewellery
 a - an amulet of regeneration (around mantle)
 j - a +4 ring of slaying (left tentacle)
 q - a +6 ring of dexterity (on tentacle)
 v - the ring of Xatziton (right tentacle) {Drain rN+ Will++ SInv Stlth+}
   (You bought it in a shop on level 6 of the Dungeon)

   [ring of see invisible]

   rN+:       It protects you from negative energy.
   Will++:    It greatly increases your willpower.
   SInv:      It lets you see invisible.
   Drain:     It drains your maximum health when unequipped.
   Stlth+:    It makes you more stealthy.
 w - a +4 ring of protection (on tentacle)
 x - a ring of flight
Talismans
 b - a beast talisman
 c - a flux talisman (active)
Wands
 m - a wand of flame (30)
 n - a wand of polymorph (5)
Scrolls
 d - a scroll of blinking
 e - 3 scrolls of identify
 f - a scroll of revelation
 p - 4 scrolls of teleportation
 s - a scroll of brand weapon
Potions
 g - a potion of attraction
 h - 2 potions of magic
 i - 2 potions of ambrosia
 k - 9 potions of haste
 l - 3 potions of mutation
 o - 4 potions of lignification
 r - 3 potions of might
 u - a potion of resistance


   Skills:
 + Level 6.9 Fighting
 + Level 7.1 Dodging
 + Level 9.5 Stealth
 + Level 7.3 Unarmed Combat
 * Level 9.4 Shapeshifting


You had 10 spell levels left.
You didn't know any spells.
Your spell library contained the following spells:

 Spells                   Type           Power      Damage    Failure   Level
 Sublimation of Blood     Necr           0%         N/A       45%         2
 Tukima's Dance           Hex            0%         N/A       69%         3
 Passage of Golubria      Tloc           0%         N/A       97%         4
 Petrify                  Tmut/Erth      0%         N/A       97%         4
 Irradiate                Conj/Tmut      0%         3d11      100%        5
 Yara's Violent Unravell  Hex/Tmut       0%         3d3       100%        5


Dungeon Overview and Level Annotations

Branches:
Dungeon (11/15)            Temple (0/1) D:7             Orc (0/2) D:11
Ossuary (visited)
   Lair: D:8-11

Altars:
Dithmenos
Elyvilon
Gozag
Hepliaklqana
Okawaru
Qazlal
Trog
Uskayaw
Vehumet
Wu Jian

Shops:
D:6 =

Portals:
Trove: D:11 (give +6 demon trident)

Annotations:
D:9 Erolcha


Innate Abilities, Weirdness & Mutations

You are something dangerously unstable.
You glow with magical radiation, making you easy to see and hit.
Foes you strike become dangerously contaminated with magical radiation.
You are incapable of wielding weapons or throwing items.
You cannot wear most types of armour.
You are amphibious.
You can wear up to eight rings at the same time.
Your skin changes colour to match your surroundings (Stealth+).
Your rubbery body absorbs attacks. (AC +1, EV +1)
((You are camouflaged when in or above water. (Stealth+)))
You have tentacles for arms and can constrict up to eight enemies at once.


Message History

No target in view!
No target in view!
No target in view!
No target in view!
No target in view!
No target in view!
No target in view!
No target in view!
No target in view!
No target in view!
No target in view!
You now have 582 gold pieces (gained 34).
There is an open door, spattered with blood here.
Items here: ( )))))).
You now have 588 gold pieces (gained 6).
Things that are here:
a +0 dagger; 5 stones You open the door.
There is an open door here.
Erolcha the Cunning comes into view.
She is wielding a +8 spectral giant spiked club and carrying a wand of polymorph.
Erolcha shouts!
Erolcha points at you and mumbles some strange words.
You resist with almost no effort.
You see here 7 gold pieces.
You tentacle-slap Erolcha.
Erolcha begins to glow.
Erolcha is lightly wounded.
Erolcha closely misses you.
The +8 spectral giant spiked club hits you!!
A +8 spectral giant spiked club comes into view.
You tentacle-slap Erolcha.
Erolcha glows dangerously bright.
Erolcha is lightly wounded.
You tentacle-slap Erolcha.
Erolcha shudders as magic cascades through her!
Erolcha twists and deforms.
You squeeze Erolcha.
Erolcha is heavily wounded.
Erolcha hits you with a +8 spectral giant spiked club!!
* * * LOW HITPOINT WARNING * * *
The +8 spectral giant spiked club hits you!!
You die...
Your body crumbles into a pile of gold.

#.# #.# #.# #+ #<# #. #.# #.##
#.## #+###### #..# #..# ...)...#
##.#### ##.# .......#####....B###
#######.###
.......'...#....(O...............
.......###.......############.###
....)..# ###.....# #.# ###)####
#.....# #.# #.### ###.### #.#
#...# #..# #.# #####'## ##... #.#
.......# ##+# #.#


You could see Erolcha (misshapen) and a +8 spectral giant spiked club.

Vanquished Creatures
  Joseph (D:8)
  A manticore (D:11)
  Jeremiah (D:8)
  2 hornets
  Grinder (D:3)
  Sigmund (D:6)
  A vampire (D:11)
  A shadow (D:11)
  Eustachio (D:4)
  3 steam dragons
  An acid dragon (D:9)
  4 water moccasins
  Duvessa (D:5)
  A black bear (D:6)
  2 ogres (D:5)
  2 sky beasts (D:7)
  2 centaurs
  A phantom (D:11)
  2 kobold brigands
  A gnoll sergeant (D:4)
  3 elf zombies (Ossuary)
  2 bullfrogs
  3 scorpions
  8 wights
  Dowan (D:5)
  3 troll zombies (D:11)
  3 killer bees (D:8)
  6 electric eels (D:6)
  2 howler monkeys
  2 centaur zombies (Ossuary)
  3 hounds (D:5)
  2 human zombies (Ossuary)
  2 jellies
  A gnoll bouda (D:8)
  A sleepcap (D:4)
  3 orc priests
  Jessica (D:3)
  8 iguanas
  3 orc wizards
  A statue (D:5)
  5 ogre zombies (D:11)
  2 mummies (Ossuary)
  5 adders
  17 gnolls
  4 white imps
  2 ufetubi
  An adder zombie (Ossuary)
  A worm (D:2)
  2 dart slugs
  11 orcs
  8 ball pythons
  7 endoplasms
  7 giant cockroaches
  42 goblins
  31 hobgoblins
  2 quokkas
  4 bats
  3 frilled lizards
  2 goblin skeletons (D:11)
  3 goblin zombies
  3 hobgoblin skeletons (D:11)
  16 hobgoblin zombies
  2 jackal zombies (Ossuary)
  21 kobolds
  9 kobold zombies (Ossuary)
  An orc skeleton (D:11)
  17 orc zombies
  6 rats
322 creatures vanquished.

Notes
Turn   | Place    | Note
-------+----------+-------------------------------------------
     0 | D:1      | paps the Octopode Shapeshifter began the quest for the Orb.
     0 | D:1      | Reached XP level 1. HP: 13/13 MP: 1/1
   183 | D:1      | Reached XP level 2. HP: 18/18 MP: 2/2
   217 | D:1      | Reached skill level 1 in Stealth
   422 | D:1      | Found a faded altar of an unknown god.
   652 | D:1      | Reached XP level 3. HP: 23/23 MP: 3/3
  1528 | D:2      | Found an opulent altar of Gozag.
  1534 | D:2      | Became a worshipper of Gozag Ym Sagoz the Greedy
  1673 | D:2      | Reached XP level 4. HP: 29/29 MP: 4/4
  1772 | D:3      | Noticed Jessica
  1784 | D:3      | Killed Jessica
  2002 | D:3      | Noticed Grinder
  2013 | D:3      | Killed Grinder
  2014 | D:3      | Reached XP level 5. HP: 16/35 MP: 5/5
  2014 | D:3      | Reached XP level 6. HP: 19/41 MP: 6/6
  3155 | D:4      | Reached XP level 7. HP: 46/46 MP: 7/7
  3250 | D:4      | Noticed Eustachio
  3272 | D:4      | Killed Eustachio
  3273 | D:4      | Reached skill level 5 in Shapeshifting
  3547 | D:4      | Found a hazy altar of Hepliaklqana.
  3635 | D:4      | Found a stormy altar of Qazlal.
  3747 | D:5      | Entered Level 5 of the Dungeon
  3753 | D:5      | Noticed Duvessa
  3759 | D:5      | Noticed Dowan
  3767 | D:5      | Killed Duvessa
  3770 | D:5      | Killed Dowan
  3771 | D:5      | Reached XP level 8. HP: 32/53 MP: 8/8
  3873 | D:5      | Reached skill level 5 in Stealth
  3965 | D:5      | Found a hide-covered altar of Uskayaw.
  4151 | D:5      | Reached skill level 5 in Unarmed Combat
  4202 | D:5      | Found an ornate altar of the Wu Jian Council.
  4359 | D:5      | Found a shadowy altar of Dithmenos.
  4385 | D:5      | Found a radiant altar of Vehumet.
  4456 | D:5      | Found a bloodstained altar of Trog.
  4526 | D:6      | Reached XP level 9. HP: 55/59 MP: 9/9
  4615 | D:6      | Reached skill level 5 in Dodging
  4632 | D:6      | Noticed Sigmund
  4655 | D:6      | Killed Sigmund
  4789 | D:6      | Found a sand-covered staircase.
  4911 | Ossuary  | Entered an ossuary
  5052 | Ossuary  | Reached skill level 5 in Fighting
  6273 | D:6      | Bought the ring of Xatziton {Drain rN+ Will++ SInv Stlth+}
                  | for 411 gold pieces
  6273 | D:6      | Bought a +4 ring of protection for 396 gold pieces
  6325 | D:7      | Reached XP level 10. HP: 67/68 MP: 10/10
  6399 | D:7      | Found a staircase to the Ecumenical Temple.
  6917 | D:8      | Found a white marble altar of Elyvilon.
  7036 | D:8      | HP: 3/68 [hornet (4)]
  7123 | D:8      | Noticed Joseph
  7140 | D:8      | Killed Joseph
  7384 | D:8      | Noticed Jeremiah
  7398 | D:8      | Killed Jeremiah
  7573 | D:8      | Found an iron altar of Okawaru.
  7747 | D:6      | Bought a +6 ring of dexterity for 396 gold pieces
  7887 | D:9      | You fall into a shaft and drop 2 floors!
  8006 | D:11     | Noticed a manticore
  8016 | D:11     | Killed a manticore
  8098 | D:11     | Found a staircase to the Orcish Mines.
  8168 | D:11     | Reached XP level 11. HP: 74/74 MP: 11/11
  8280 | D:10     | Entered Level 10 of the Dungeon
  8280 | D:10     | Noticed a death yak
  8319 | D:11     | Found a portal to a secret trove of treasure.
  8505 | D:9      | Noticed Erolcha
  8511 | D:9      | Mangled by a +8 spectral giant spiked club

Illustrated notes

Levels and vault maps discovered:
D:1:      tarquinn_simple_flora_water_d, layout_basic,
          hellmonk_ecumenical_altar_run_dry, minmay_tetromino_l4
D:2:      layout_loops_cross, basic_altar, kennysheep_cluttered_room,
          kennysheep_generic_room_8
D:3:      layout_basic, uniq_jessica, uniq_grinder
D:4:      layout_basic, general_overflow_altar,
          nicolae_qazlal_scattered_showers, uniq_eustachio
D:5:      layout_basic, lightli_temple_of_fire, vehumet_statue,
          kennysheep_little_box, mainiacjoe_overflow_boulevard,
          eat_drink_and_be_merry_uskayaw, uniq_duvessa
D:6:      minmay_goblin_kobold_castle, layout_cave_pods, enter_ossuary_2,
          hex_large, uniq_sigmund
D:7:      layout_basic, minmay_temple_entry_steel_oval
D:8:      layout_gridville, elyvilon_altar_4, kennysheep_okawaru_gauntlet,
          minmay_misc_feat_more_columns, uniq_joseph, uniq_jeremiah
D:9:      layout_roguey, uniq_erolcha
D:10:     layout_roguey, fedhas_altar_3, dpeg_lair_monsters, uniq_josephine
D:11:     layout_cave_pools, zombieorc2_lemuel, enter_trove_6,
          kennysheep_generic_room_7, uniq_snorg

Skill      XL: |  1  2  3  4  5  6  7  8  9 10 |
---------------+-------------------------------+-----
Stealth        | 1 3 4 6 7 9 |  9.5
Fighting       | 2 3 4 5 6 |  6.9
Dodging        | 3 4 5 7 |  7.1
Shapeshifting  | 4 5 6 8 9 |  9.4
Unarmed Combat | 4 5 6 7 |  7.3

Action                     |  1- 3 |  4- 6 |  7- 9 | 10-12 || total
---------------------------+-------+-------+-------+-------++-------
  Melee: Unarmed           |    74 |    69 |   296 |   190 ||   629
         Constrict         |    22 |    16 |    74 |    45 ||   157
         Tentacles         |    13 |    13 |    71 |    67 ||   164
         Punch             |       |     1 |    21 |     9 ||    31
 Invoke: Call Merchant     |       |       |     1 |       ||     1
    Use: Scroll            |     8 |     2 |     8 |     2 ||    20
         Potion            |       |     2 |       |     5 ||     7
   Stab: Sleeping          |    10 |    14 |    25 |     4 ||    53
         Distracted        |       |       |     2 |     1 ||     3
 Armour: Skin              |    30 |    27 |   160 |   106 ||   323
  Dodge: Dodged            |    34 |    23 |   188 |   121 ||   366
   Form: Flux              |       |       |       |     1 ||     1

Table legend: (Time is in decaauts)
 A = Elapsed time spent in this place.
 B = Non-inter-level travel time spent in this place.
 C = Inter-level travel time spent in this place.
 D = Time resting spent in this place.
 E = Time spent auto-exploring this place.
 F = Levels seen in this place.
 G = Mean time per level.
                   A        B        C        D        E       F      G
               +--------+--------+--------+--------+--------+-----+--------+
         Total |   8453 |   8177 |    276 |    749 |   5537 |  12 |  704.4 |
       Dungeon |   8184 |   7908 |    276 |    749 |   5399 |  11 |  744.0 |
       Ossuary |    269 |    269 |      0 |      0 |    138 |   1 |  269.0 |
               +--------+--------+--------+--------+--------+-----+--------+

Top non-repeatable levels by time:
     D:6: 1498 daAuts
     D:3: 1204 daAuts
     D:1: 985 daAuts
     D:8: 878 daAuts
     D:4: 809 daAuts
     D:2: 780 daAuts
     D:5: 713 daAuts
     D:7: 603 daAuts
    D:11: 537 daAuts
 Ossuary: 269 daAuts
     D:9: 139 daAuts
    D:10: 32 daAuts
